 Dungeon Crawl Stone Soup version 0.31-a0-177-g4aa6249778 (webtiles) character file.

Game seed: 3204515895843173339

78 qw the Chopper (level 4, -1/28 HPs)
             Began as a Gargoyle Fighter on June 18, 2023.
             Slain by Sigmund
             ... wielding a +0 scythe
              (7 damage)
             ... on level 3 of the Dungeon.
             The game lasted 00:01:16 (2299 turns).

qw the Chopper (Gargoyle Fighter)                   Turns: 2299, Time: 00:01:17

Health: -1/28      AC: 19    Str: 22    XL:     4   Next: 36%
Magic:  13/13      EV:  8    Int:  8    God:
Gold:   71         SH:  0    Dex:  5    Spells: 3/3 levels left

rFire   . . .        Y - +1 broad axe
rCold   . . .        c - +0 buckler
rNeg    + . .        l - +0 chain mail
rPois   inf          b - +4 helmet "Fuwyepir" {MP+9 Dex-4 Stlth+}
rElec   +            (no cloak)
rCorr   .            (no gloves)
SInv    .            h - +0 pair of boots
Will    .....        (no amulet) Stlth
                     (no ring)
HPRegen 0.24/turn    (no ring)
MPRegen 0.13/turn

%: no passive effects
@: confused
A: sickness immunity, AC +3, negative energy resistance 1, electricity
resistance, torment resistance 1, petrification resistance
a: no special abilities


You were on level 3 of the Dungeon.
You visited 1 branch of the dungeon, and saw 3 of its levels.

You collected 71 gold pieces.


Innate Abilities, Weirdness & Mutations

You are immune to sickness and miasma.
Your stone body is resilient. (AC +3)
You are immune to poison.
You resist negative energy. (rN+)
You are resistant to electric shocks. (rElec)
You are resistant to unholy torment.
You are immune to petrification.


   Skills:
 - Level 3.2 Fighting
 + Level 4.1 Axes
 - Level 3.2 Armour
 - Level 3.2 Shields


You had 3 spell levels left.
You didn't know any spells.
Your spell library was empty.

Inventory:

Hand Weapons
 i - a +0 morningstar
 Y - a +1 broad axe (weapon)
Armour
 b - the +4 helmet "Fuwyepir" (worn) {MP+9 Dex-4 Stlth+}
   (You acquired it on level 2 of the Dungeon)

   Dex:       It affects your dexterity (-4).
   MP:        It affects your magic capacity (+9).
   Stlth:     It makes you more stealthy.
 c - a +0 buckler (worn)
 h - a +0 pair of boots (worn)
 k - a +1 ring mail of willpower
 l - a +0 chain mail (worn)
Potions
 d - a potion of might
 e - a potion of attraction {unknown}
 f - a potion of berserk rage {unknown}
 g - 2 potions of lignification {unknown}
 j - a potion of enlightenment {unknown}

Dungeon Overview and Level Annotations

Branches:
Dungeon (3/15)

Altars:

Annotations:
D:3 Grinder, Sigmund


Message History

You kill the orc!
A magic dart appears from out of thin air!
The magic dart hits you but does no damage.
2288 ||| STILL FLEEEEING.
You hear some strange, mumbled words.
Something tries to affect you, but you resist.
2289 ||| STILL FLEEEEING.
A puff of flame appears from out of thin air!
You block the puff of flame.
2290 ||| STILL FLEEEEING.
Grinder says, "FISH!"
You slash Grinder!
Grinder is moderately wounded.
Grinder hits you but does no damage. Grinder barely misses you.
You slash Grinder!
Grinder is heavily wounded.
Something hits you. Grinder hits you but does no damage.
You closely miss Grinder.
Grinder is heavily wounded.
Grinder barely misses you.
You hear some strange, mumbled words.
Something tries to affect you, but you resist.
Grinder hits you but does no damage.
You hit Grinder but do no damage.
Grinder is heavily wounded.
Something hits you but does no damage. Grinder gestures at you.
Pain shoots through your body!
You hit Grinder.
Grinder is heavily wounded.
You hear some strange, mumbled words.
You are confused.
Grinder hits you but does no damage. Something hits you.
Grinder hits you but does no damage.
Grinder blinks!
Something hits you. Grinder hits you but does no damage.
Sigmund appears from thin air!
Reactivating autopickup.
Sigmund hits you from afar with a +0 scythe!
You die...

#.##....###.....................
##.##.....................#..#.#.
............#####......#.....#
...................#.#.#.##..#
...................#.....##..#
...................###.#.##.##
##.##....########.####........#
#.##....#................#.###
#.#.....#######@.........#.#
##.#.....# #5#####... #.#
.....).### #@# #... #.# ##.....#
####.#####... #.# .#.....#
#............ #.# .#.....#
#...)......## .......#
#............ .......#
#.........### ....####
######.######


You could see Grinder and Sigmund.

Vanquished Creatures
  An adder (D:3)
  A worm (D:3)
  5 orcs (D:3)
  3 ball pythons
  6 bats
  4 endoplasms
  5 giant cockroaches
  2 goblins
  6 hobgoblins
  8 kobolds
  4 quokkas
  4 frilled lizards
  6 rats
55 creatures vanquished.

Notes
Turn   | Place    | Note
-------+----------+-------------------------------------------
     0 | D:1      | qw the Gargoyle Fighter began the quest for the Orb.
     0 | D:1      | Reached XP level 1. HP: 14/14 MP: 1/1
     0 | D:1      | 0 ||| qw: Version: 0.3-a-7-ge0c9b40
     0 | D:1      | 0 ||| qw: Game counter: 837
     0 | D:1      | 0 ||| qw: Always use a shield: true
     0 | D:1      | 0 ||| qw: God list: Okawaru
     0 | D:1      | 0 ||| qw: Allow faded altars: false
     0 | D:1      | 0 ||| qw: Do Orc after D:15 true
     0 | D:1      | 0 ||| qw: Do second Lair branch before Depths: true
     0 | D:1      | 0 ||| qw: Lair rune preference: random
     0 | D:1      | 0 ||| qw: Plans: Normal, Zot:1-4, Slime:5, God:TSO, Crypt,
                  | Tomb, Abyss, Pan, Hells, Win
     0 | D:1      | 0 ||| PLANNING D:1-11
    44 | D:1      | Reached skill level 2 in Axes
    73 | D:1      | Reached XP level 2. HP: 19/19 MP: 2/2
   174 | D:1      | 174 ||| SWAPPING to +0 broad axe.
   198 | D:1      | 198 ||| DROPPING +0 war axe.
   217 | D:1      | Found a faded altar of an unknown god.
   680 | D:1      | 680 ||| UPGRADING to +0 pair of boots.
   685 | D:1      | 685 ||| UPGRADING to +0 helmet.
   690 | D:1      | 690 ||| UPGRADING to +0 chain mail.
   700 | D:1      | 700 ||| DROPPING +0 scale mail.
   701 | D:1      | 701 ||| DROPPING ring of magical power.
   702 | D:1      | 702 ||| READING scroll labelled KOOSKO FATH.
   706 | D:1      | 706 ||| READING scroll labelled ILETHR WIDADGHUTESY.
   767 | D:2      | Reached skill level 3 in Axes
   836 | D:2      | Reached XP level 3. HP: 23/23 MP: 3/3
   879 | D:2      | 879 ||| Stepping ~*~*~tactically~*~*~ (stealth).
   913 | D:2      | 913 ||| DROPPING +0 club.
  1168 | D:2      | 1168 ||| Stepping ~*~*~tactically~*~*~ (stealth).
  1170 | D:2      | 1170 ||| Stepping ~*~*~tactically~*~*~ (hiding).
  1178 | D:2      | 1178 ||| Stepping ~*~*~tactically~*~*~ (stealth).
  1191 | D:2      | 1191 ||| Stepping ~*~*~tactically~*~*~ (stealth).
  1472 | D:2      | 1472 ||| DROPPING +0 whip.
  1720 | D:2      | 1720 ||| READING scroll labelled IFOCWUEBARR.
  1721 | D:2      | 1721 ||| READING scroll labelled NUSIQO IROUHY.
  1722 | D:2      | 1722 ||| READING scroll labelled OLLEPU HAOCEDD.
  1722 | D:2      | Identified a scroll of acquirement
  1722 | D:2      | 1722 ||| ACQUIRING +4 helmet "Fuwyepir" {MP+9 Dex-4 Stlth+}
  1722 | D:2      | Acquired the +4 helmet "Fuwyepir" {MP+9 Dex-4 Stlth+}
  1724 | D:2      | 1724 ||| UPGRADING to +4 helmet "Fuwyepir" {MP+9 Dex-4
                  | Stlth+}.
  1734 | D:2      | 1734 ||| DROPPING +0 helmet.
  1804 | D:2      | 1804 ||| READING scroll labelled YPAVACOMES.
  1805 | D:2      | 1805 ||| READING scroll labelled QYMUT YSMYMYQI.
  1806 | D:2      | 1806 ||| DRINKING 3 bubbling white potions.
  1874 | D:3      | 1874 ||| Stepping ~*~*~tactically~*~*~ (stealth).
  1902 | D:3      | 1902 ||| DROPPING +0 flail.
  1903 | D:3      | 1903 ||| DROPPING +0 mace.
  1934 | D:3      | Reached XP level 4. HP: 28/28 MP: 4/4
  1951 | D:3      | Noticed Grinder
  1957 | D:3      | 1957 ||| Stepping ~*~*~tactically~*~*~ (hiding).
  1964 | D:3      | Paralysed by Grinder for 4 turns
  1978 | D:3      | HP: 5/28 [Grinder/nerve-wracking pain (3)]
  1979 | D:3      | 1979 ||| READING scroll of teleportation.
  1980 | D:3      | 1980 ||| Stepping ~*~*~tactically~*~*~ (hiding).
  1981 | D:3      | 1981 ||| FLEEEEING.
  1982 | D:3      | 1982 ||| FLEEEEING.
  2158 | D:3      | Reached skill level 4 in Axes
  2252 | D:3      | Noticed Sigmund
  2274 | D:3      | 2274 ||| DRINKING 2 potions of curing.
  2274 | D:3      | 2274 ||| (to cure confusion)
  2275 | D:3      | 2275 ||| FLEEEEING.
  2276 | D:3      | 2276 ||| FLEEEEING.
  2277 | D:3      | 2277 ||| FLEEEEING.
  2279 | D:3      | 2279 ||| DRINKING potion of curing.
  2279 | D:3      | 2279 ||| (to cure confusion)
  2280 | D:3      | 2280 ||| FLEEEEING.
  2281 | D:3      | 2281 ||| FLEEEEING.
  2282 | D:3      | 2282 ||| FLEEEEING.
  2283 | D:3      | 2283 ||| FLEEEEING.
  2298 | D:3      | HP: 6/28 [something (5)]
  2299 | D:3      | Slain by Sigmund

Levels and vault maps discovered:
D:1:      scummos_arrival_star, layout_basic, basic_ecumenical_altar
D:2:      layout_basic, lexackson_kobold_supper
D:3:      layout_basic, dreamdust_mushroom_princess, corexii_leaking_fountain,
          uniq_sigmund, uniq_grinder

Skill      XL: |  1  2  3  4 |
---------------+-------------+-----
Axes           | 2 3 4 |  4.1
Fighting       | |  3.2
Armour         | |  3.2
Shields        | |  3.2

Action                     |  1- 3 |  4- 6 || total
---------------------------+-------+-------++-------
  Melee: War axe           |    31 |       ||    31
         Broad axe         |   113 |    45 ||   158
    Use: Scroll            |     7 |     1 ||     8
         Potion            |     1 |     2 ||     3
 Armour: Scale mail        |    20 |       ||    20
         Chain mail        |    62 |    46 ||   108
  Dodge: Dodged            |    60 |    11 ||    71
  Block: Buckler           |    27 |     4 ||    31

Table legend:
 A = Non-vault XP
 B = Vault XP
 C = Vault XP percentage of total XP
 D = Non-vault monster count
 E = Vault monster count
 F = Vault count percentage of total count
                 A         B        C        D         E       F
            +---------+---------+-------+---------+---------+-------
      Total |     102 |      10 |   8.9 |      47 |       8 |  14.5
            +---------+---------+-------+---------+---------+-------
        D:1 |      28 |       0 |   0.0 |      16 |       0 |   0.0
        D:2 |      21 |      10 |  32.3 |      14 |       8 |  36.4
        D:3 |      53 |       0 |   0.0 |      17 |       0 |   0.0
            +---------+---------+-------+---------+---------+-------
